 Dungeon Crawl Stone Soup version 0.18-a0-1560-ge216ca8 (webtiles) character file.

5132 Duffy the Quickloader (level 10, 0/74 HPs)
             Began as a Formicid Hunter on Mar 12, 2016.
             Was a High Priest of Cheibriados.
             Slain by a vampire (4 damage)
             ... on level 9 of the Dungeon.
             The game lasted 00:12:24 (10784 turns).

Duffy the Quickloader (Formicid Hunter)            Turns: 10784, Time: 00:12:24

Health: 0/74       AC: 12    Str: 30    XL:     10   Next: 88%
Magic:  13/13      EV: 10    Int: 22    God:    Cheibriados [*****.]
Gold:   374        SH:  6    Dex: 26    Spells: 0 memorised, 9 levels left

rFire  . . .     SeeInvis +     b - +0 dire flail
rCold  . . .     Gourm    .     y - +0 plate armour
rNeg   . . .     Faith    .     J - +0 buckler
rPois  .         Spirit   .     (helmet unavailable)
rElec  .         Dismiss  .     (no cloak)
rCorr  .         Reflect  .     l - +0 pair of gloves
SustAt .         Harm     .     (no boots)
MR     +....                    (no amulet)
Stlth  ..........               (no ring)
                                (no ring)

@: very slow, somewhat resistant to hostile enchantments, extremely unstealthy
A: permanent stasis, dig shafts and tunnels, four strong arms, antennae 3
a: Dig, Shaft Self, Bend Time, Temporal Distortion, Slouch, Step From Time,
Renounce Religion


You were on level 9 of the Dungeon.
You worshipped Cheibriados.
Cheibriados was extremely pleased with you.
You were not hungry.

You visited 1 branch of the dungeon, and saw 9 of its levels.

You collected 471 gold pieces.
You spent 97 gold pieces at shops.


Innate Abilities, Weirdness & Mutations

You are under a permanent stasis effect.
You can dig through walls and to a lower floor.
Your four strong arms can wield two-handed weapons with a shield.
You have a pair of large antennae on your head (SInv).


   Skills:
 - Level 5.3 Fighting
 + Level 9.2 Maces & Flails
 - Level 10.0 Crossbows
 - Level 3.5 Armour
 - Level 3.5 Dodging
 - Level 1.2 Stealth
 - Level 2.5 Shields
 + Level 4.9 Invocations


You had 9 spell levels left.
You didn't know any spells.

Inventory:

Hand Weapons
 a - a +1 hand crossbow
 b - a +0 dire flail (weapon)
 M - a +0 blowgun
Missiles
 d - 69 bolts
 e - a throwing net (quivered)
 v - 8 poisoned needles
 F - 16 bolts of penetration
Armour
 k - a +2 scale mail of poison resistance
 l - a +0 pair of gloves (worn)
 y - a +0 plate armour (worn)
 J - a +0 buckler (worn)
 O - the +3 scale mail of the Five Eyes {MR+ Str+4 Dex-3}

   It affects your strength (+4).
   It affects your dexterity (-3).
   It affects your resistance to hostile enchantments.
Jewellery
 q - an uncursed ring of fire
Wands
 c - a wand of teleportation (4/9)
 B - a wand of polymorph (12/24)
 C - a wand of flame (17/48)
 I - a wand of confusion (18/48)
 Q - a wand of flame (24/48)
Scrolls
 h - 7 scrolls of remove curse
 i - a scroll of recharging {unknown}
 m - 2 scrolls of noise {unknown}
 n - a scroll of magic mapping
 o - a scroll of torment {unknown}
 p - 2 scrolls of fog {unknown}
 r - a scroll of immolation {unknown}
 t - a scroll of fear {unknown}
 w - 2 scrolls of random uselessness {unknown}
 H - a scroll of vulnerability {unknown}
 N - a scroll of enchant armour {unknown}
Potions
 s - 4 potions of heal wounds
 u - a potion of cure mutation
 z - a potion of cancellation {unknown}
 D - 2 potions of agility {unknown}
 E - a potion of lignification {unknown}
 G - a potion of might {unknown}
 K - a potion of beneficial mutation {unknown}
 P - a potion of curing {unknown}
Books
 g - a book of Maledictions
 j - a book of Spatial Translocations
Comestibles
 f - 7 bread rations
 x - 5 fruits
 A - 4 meat rations
 L - 8 slices of pizza
 R - 5 chunks of flesh

Dungeon Overview and Level Annotations

Branches:
Dungeon (9/15)             Temple (0/1) D:5
   Lair: D:8-11         Orc: D:9-12

Altars:
Ashenzari
Cheibriados
Dithmenos
Elyvilon
Gozag
Kikubaaqudgha
Pakellas
Ru
Sif Muna
Xom
Yredelemnul
Zin
The Shining One

Shops:
D:6 ?


Message History

You are too injured to fight recklessly!
You are too injured to fight recklessly!
You are too injured to fight recklessly!
You are too injured to fight recklessly!
You are too injured to fight recklessly!
You are too injured to fight recklessly!
You are too injured to fight recklessly!
You are too injured to fight recklessly!
You are too injured to fight recklessly!
You are too injured to fight recklessly!
You are too injured to fight recklessly!
You are too injured to fight recklessly!
You are too injured to fight recklessly!
You are too injured to fight recklessly!
You are too injured to fight recklessly!
You are too injured to fight recklessly!
You are too injured to fight recklessly!
You are too injured to fight recklessly!
You puncture the vampire!
The vampire is heavily damaged.
The vampire hits you. The vampire closely misses you.
You hit the vampire but do no damage.
The vampire is heavily damaged.
You closely miss the vampire.
The vampire is heavily damaged.
The vampire hits you! The vampire bites you!
The vampire draws strength from your injuries!
You puncture the vampire!
The vampire is severely damaged.
The vampire hits you but does no damage.
The vampire bites you but does no damage.
Your plate armour prevents you from hitting the vampire.
The vampire is severely damaged.
The vampire hits you.
You die...

.......###.. +........#
............ #........#
.......#.... #........#
...........# #........#
..........# #### ###'#######
........#.. #..# #.# #.#
........# ####..# ...# #.#
####.##.# #..#.%#....# #.##
#...##.####..##@....# #..#
#.####.#..#..#.V....#####'######
##'###..#..##......#.............
#.(.....#..#.......####..........
#..........%.......# #..........
#.......####.......# #..>.......
+.......# #.......+ #..........
#.......+ #.......# #..........
#.......# #.......# #..........


You could see a vampire (invisible).

Action                   |  1- 3 |  4- 6 |  7- 9 | 10-12 || total
-------------------------+-------+-------+-------+-------++-------
Melee: Short sword       |    20 |       |    53 |       ||    73
       Dire flail        |       |       |   311 |   274 ||   585
 Fire: Hand crossbow     |    51 |   129 |    43 |       ||   223
 Abil: Dig               |       |       |     6 |     1 ||     7
  Use: Scroll            |       |       |     9 |       ||     9
  Eat: Chunk             |     2 |     3 |     8 |     5 ||    18

Notes
Turn   | Place    | Note
--------------------------------------------------------------
     0 | D:1      | Duffy the Formicid Hunter began the quest for the Orb.
     0 | D:1      | Reached XP level 1. HP: 16/16 MP: 1/1
   336 | D:1      | Reached XP level 2. HP: 17/22 MP: 2/2
   912 | D:2      | Reached XP level 3. HP: 27/27 MP: 3/3
  1105 | D:2      | Reached skill level 5 in Crossbows
  1325 | D:2      | Found a sacrificial altar of Ru.
  1636 | D:3      | Found a shadowy altar of Dithmenos.
  1647 | D:3      | Reached XP level 4. HP: 28/33 MP: 4/4
  1826 | D:3      | Noticed an orc warrior
  1833 | D:3      | Killed an orc warrior
  1833 | D:3      | Reached skill level 6 in Crossbows
  1833 | D:3      | Reached XP level 5. HP: 38/38 MP: 5/5
  1857 | D:3      | Found a snail-covered altar of Cheibriados.
  1927 | D:3      | Became a worshipper of Cheibriados the Contemplative
  1965 | D:3      | Reached XP level 6. HP: 40/44 MP: 6/6
  2164 | D:3      | Reached skill level 7 in Crossbows
  2286 | D:3      | Found a shattered altar of Ashenzari.
  2421 | D:3      | Reached * piety under Cheibriados
  2431 | D:3      | Found an ancient bone altar of Kikubaaqudgha.
  2853 | D:4      | Found a glowing golden altar of the Shining One.
  2859 | D:4      | Reached XP level 7. HP: 50/50 MP: 7/7
  2932 | D:4      | Reached skill level 8 in Crossbows
  3073 | D:4      | Reached ** piety under Cheibriados
  3323 | D:4      | Found a shimmering altar of Xom.
  3836 | D:5      | Entered Level 5 of the Dungeon
  3836 | D:5      | Found a deep blue altar of Sif Muna.
  3977 | D:5      | Reached skill level 1 in Maces & Flails
  4291 | D:5      | Noticed Blork the orc
  4304 | D:5      | Killed Blork the orc
  4304 | D:5      | Reached skill level 2 in Maces & Flails
  4304 | D:5      | Reached skill level 9 in Crossbows
  4304 | D:5      | Reached XP level 8. HP: 33/56 MP: 8/8
  4677 | D:5      | Found a white marble altar of Elyvilon.
  4691 | D:5      | Noticed Prince Ribbit
  4704 | D:5      | Killed Prince Ribbit
  4704 | D:5      | Reached skill level 3 in Maces & Flails
  4929 | D:5      | Found a staircase to the Ecumenical Temple.
  5214 | D:6      | Reached *** piety under Cheibriados
  5219 | D:6      | Reached skill level 4 in Maces & Flails
  5593 | D:6      | Reached skill level 10 in Crossbows
  5593 | D:6      | Reached XP level 9. HP: 27/61 MP: 9/9
  5896 | D:6      | Reached skill level 5 in Maces & Flails
  5896 | D:6      | Reached skill level 2 in Dodging
  5924 | D:6      | Reached skill level 1 in Armour
  6159 | D:6      | Found Ymejo's Magic Scroll Emporium.
  6172 | D:6      | Bought a scroll of identify for 26 gold pieces
  6172 | D:6      | Bought a scroll of identify for 26 gold pieces
  6172 | D:6      | Bought a scroll of magic mapping for 45 gold pieces
  6218 | D:6      | Reached skill level 2 in Armour
  6367 | D:6      | Reached skill level 3 in Fighting
  6871 | D:7      | Noticed Pikel
  6889 | D:7      | Killed Pikel
  6889 | D:7      | Reached skill level 6 in Maces & Flails
  6889 | D:7      | Reached skill level 3 in Armour
  6889 | D:7      | Reached skill level 3 in Dodging
  7030 | D:7      | Reached skill level 4 in Fighting
  7035 | D:7      | Reached **** piety under Cheibriados
  7321 | D:7      | Reached skill level 7 in Maces & Flails
  7321 | D:7      | Reached XP level 10. HP: 38/72 MP: 10/10
  7565 | D:7      | Reached skill level 1 in Invocations
  7723 | D:7      | Reached skill level 2 in Invocations
  7840 | D:7      | Found a basalt altar of Yredelemnul.
  8115 | D:7      | Found an oddly glowing altar of Pakellas.
  8495 | D:8      | Reached skill level 5 in Fighting
  8499 | D:8      | Reached skill level 3 in Invocations
  8809 | D:8      | Reached skill level 8 in Maces & Flails
  9745 | D:8      | Reached ***** piety under Cheibriados
  9877 | D:8      | Found an opulent altar of Gozag.
  9968 | D:9      | Reached skill level 1 in Shields
  9968 | D:9      | Reached skill level 4 in Invocations
 10000 | D:9      | Found an oddly glowing altar of Pakellas.
 10006 | D:9      | Found a glowing silver altar of Zin.
 10048 | D:9      | Got a scorched scale mail
 10059 | D:9      | Identified the +3 scale mail of the Five Eyes {MR+ Str+4 Dex-3} (You found it on level 9 of the Dungeon)
 10257 | D:9      | Reached skill level 9 in Maces & Flails
 10257 | D:9      | Reached skill level 2 in Shields
 10784 | D:9      | Slain by a vampire

Vault maps used:
D:1:      elethiomel_arrival_infinity_welcomes_careful_drivers, fountainhead
D:2:      old_standard_altar, first_bread
D:3:      nicolae_dithmenos_shadow_blocks, kennysheep_vampire_church,
          old_standard_altar, ashenzari_conservatory_becter
D:4:      kennysheep_little_box, tso_metal_star
D:5:      lemuel_doored_altar, overflow_temple_1_default,
          minmay_temple_entry_fiery, uniq_prince_ribbit1, uniq_blork_the_orc
D:6:      serial_shops, nicolae_shop_stone
D:7:      lemuel_upstairs_altar, yredelemnul_forgotten_temple_becter,
          serial_glass, glass_columns_a, glass_columns_a, glass_columns_b,
          glass_columns_b, lightli_corner_chamber, uniq_pikel
D:8:      kennysheep_mini, grunt_pizzeria, minmay_misc_feat_chi
D:9:      grunt_temple_overflow_open, hangedman_abyss_or_decor_stagger

Vanquished Creatures
  Pikel
  A centaur zombie
  A troll Prince Ribbit
  4 slaves
  5 orc warriors
  2 black bears
  2 ice beasts
  3 phantoms
  2 necrophages
  3 ogres
  A wasp
  3 centaurs
  A crocodile Blork the orc
  A big kobold
  4 giant frogs
  2 vampire bats
  14 wights
  4 crimson imps
  2 orc priests
  3 hounds
  A jelly
  A giant frog skeleton
  5 orc wizards
  A centaur skeleton
  An iguana
  6 worker ants
  2 hound zombies
  3 hound skeletons
  2 worker ant zombies
  10 adders
  3 oozes
  2 adder skeletons
  3 worms
  3 dart slugs
  3 giant geckos
  51 orcs
  2 ball pythons
  5 bats
  2 bat skeletons
  4 bat zombies
  3 giant cockroaches
  5 goblins
  8 hobgoblins
  3 jackals
  10 kobolds
  6 quokkas
  A ball python skeleton
  2 giant gecko zombies
  7 giant newts
  3 rats
  A spectral orc
220 creatures vanquished.
